AoeStats
← ryu

Arabia

506336956Analyzed
2v2 RM · 21d ago on Sep 13, 2026· 37m 59s· 4 players
Game mode
Random Map
Map size
Medium (4 player)
Population
200
Speed
Normal
Resources
Standard
Victory
Conquest
Starting age
Dark Age
Ending age
Imperial Age
RankedLock teamsTeams togetherTeam positionsShared explorationLock speedFull tech treeHidden civsTurbo modeCheats
Victory
Defeat
🇮🇳 Turks · India
1318
+15
🇺🇸 Japanese · United States
1278
+16
🇫🇷 Maya · France
1288
-16
🇫🇷 Magyars · France
1286
-15
KebabSpartiate
0:29 Loom
10:40 Feudal Age
11:43 Double-Bit Axe
17:38 Fletching
18:05 Horse Collar
18:46 Padded Archer Armor
24:14 Castle Age
24:16 Crossbowman
24:56 Bodkin Arrow
30:21 Leather Archer Armor
33:10 Ballistics
Sire Girard la Truie
1:22 Loom
10:41 Feudal Age
18:49 Horse Collar
20:15 Double-Bit Axe
25:56 Castle Age
25:14 Horse Collar
26:29 Bloodlines
26:01 Light Cavalry
31:25 Fletching
32:25 Bodkin Arrow
34:04 Corvinian Army
34:46 Padded Archer Armor
37:09 Scale Barding Armor
वीर
10:54 Feudal Age
9:52 Loom
12:06 Double-Bit Axe
12:51 Horse Collar
17:37 Scale Barding Armor
21:45 Bloodlines
25:12 Castle Age
25:13 Forging
26:17 Chain Barding Armor
34:13 Bloodlines
38:38 Imperial Age
37:07 Iron Casting
ryu
9:13 Feudal Age
9:18 Man-at-Arms
11:16 Loom
11:26 Double-Bit Axe
21:34 Castle Age
19:37 Horse Collar
21:32 Fletching
21:43 Scale Mail Armor
21:38 Elite Skirmisher
22:21 Bodkin Arrow
23:15 Bow Saw
24:17 Wheelbarrow
33:05 Imperial Age
32:06 Murder Holes
33:45 Ballistics
33:16 Guard Tower
36:11 Bracer
36:32 Hand Cart
37:57 Gold Mining
38:41 Kataparuto
Connection lost

Rejoining the realm…

Still unreachable

The connection could not be restored.

Session expired

The server has moved on; the page needs a fresh start.